 Dungeon Crawl Stone Soup version 0.22-a0-422-g9628fc8 (webtiles) character file.

56 Mgcat the Chiller (level 3, 0/26 HPs)
             Began as a Gnoll Wanderer on May 20, 2018.
             Was an Initiate of Sif Muna.
             Slain by a centaur (7 damage)
             ... on level 4 of the Dungeon.
             The game lasted 00:04:23 (1945 turns).

Mgcat the Chiller (Gnoll Wanderer)                  Turns: 1945, Time: 00:04:24

Health: 0/26       AC:  3    Str: 16    XL:     3   Next: 97%
Magic:  0/9        EV: 12    Int: 14    God:    Sif Muna [......]
Gold:   129        SH:  0    Dex: 13    Spells: 9/12 levels left

rFire    . . .     SeeInvis .   b - +0 mace
rCold    . . .     Gourm    .   (no shield)
rNeg     . . .     Faith    .   d - +0 robe
rPois    .         Spirit   .   (no helmet)
rElec    .         Reflect  .   (no cloak)
rCorr    .         Harm     .   (no gloves)
MR       .....                  k - +0 pair of boots
Stlth    ++........             a - amulet of magic regeneration
HPRegen  0.08/turn              (no ring)
MPRegen  0.36/turn              (no ring)

@: no status effects
A: distributed training, fangs 1, strong nose
a: Renounce Religion


You were on level 4 of the Dungeon.
You worshipped Sif Muna.
Sif Muna was noncommittal.
You were very hungry.

You visited 1 branch of the dungeon, and saw 4 of its levels.

You collected 129 gold pieces.

Inventory:

Hand Weapons
 b - a +0 mace (weapon)
Armour
 d - a +0 robe (worn)
 e - a +0 buckler
   (You found it on level 1 of the Dungeon)
 k - a +0 pair of boots (worn)
   (You found it on level 1 of the Dungeon)
Jewellery
 a - an amulet of magic regeneration (around neck)
   (You found it on level 1 of the Dungeon)
 c - an uncursed ring of fire {rF+, rC-}
   (You found it on level 3 of the Dungeon)
Scrolls
 g - a scroll of amnesia {unknown}
 j - 6 scrolls of identify {unknown}
 n - a scroll of enchant armour {unknown}
 o - 2 scrolls of blinking {unknown}
 q - a scroll of teleportation {unknown}
 r - a scroll of random uselessness {unknown}
 s - a scroll of enchant weapon {unknown}
Potions
 h - a potion of might {unknown}
 i - a potion of haste {unknown}
 l - 2 potions of degeneration {unknown}
 m - 2 potions of flight {unknown}
 p - 2 potions of curing {unknown}
Comestibles
 f - 4 rations


   Skills:
 + Level 1.0 Fighting
 + Level 1.0 Short Blades
 + Level 1.0 Long Blades
 + Level 1.0 Axes
 + Level 4.6 Maces & Flails
 + Level 1.0 Polearms
 + Level 1.0 Staves
 + Level 1.0 Slings
 + Level 1.0 Bows
 + Level 1.0 Crossbows
 + Level 1.0 Throwing
 + Level 2.6 Armour
 + Level 1.0 Dodging
 + Level 2.4 Stealth
 + Level 2.6 Shields
 + Level 1.0 Unarmed Combat
 + Level 5.0 Spellcasting
 + Level 0.7 Conjurations
 + Level 0.7 Hexes
 + Level 0.7 Charms
 + Level 0.7 Summonings
 + Level 0.7 Necromancy
 + Level 0.7 Translocations
 + Level 0.7 Transmutations
 + Level 0.7 Fire Magic
 + Level 5.4 Ice Magic
 + Level 0.7 Air Magic
 + Level 0.7 Earth Magic
 + Level 0.7 Poison Magic
 + Level 1.0 Invocations
 + Level 1.0 Evocations


You had 9 spell levels left.
You knew the following spells:

 Your Spells              Type           Power        Failure   Level  Hunger
a - Magic Dart            Conj           #...         13%         1    None
b - Throw Frost           Conj/Ice       ##....       8%          2    ##.....

Your spell library contained the following spells:

 Spells                   Type           Power        Failure   Level  Hunger
 Conjure Flame            Conj/Fire      #.......     36%         3    ###....
 Slow                     Hex            #.......     21%         2    ##.....
 Mephitic Cloud           Conj/Pois/Air  #.......     36%         3    ###....
 Blink                    Tloc           N/A          21%         2    ##.....
 Call Imp                 Summ           #.......     21%         2    ##.....
 Ensorcelled Hibernation  Hex/Ice        ##....       8%          2    ##.....


Dungeon Overview and Level Annotations

Branches:
Dungeon (4/15)
 Temple: D:4-7

Altars:
Sif Muna

Annotations:
D:3 Gorglomux's ghost, amateur MiAK


Innate Abilities, Weirdness & Mutations

Your experience applies equally to all skills.
You have very sharp teeth.
Your uncanny sense of smell can sniff out nearby items.


Message History

Aim: Gorglomux's ghost, wielding a weapon of electrocution (lightly damaged)
The puff of frost hits Gorglomux's ghost.
Gorglomux's ghost is lightly damaged.
Casting: Throw Frost (safe; 8% risk of failure)
Confirm with . or Enter, or press ? or * to list all spells.
Aiming: Throw Frost (safe; 8% risk of failure)
Press: ? - help, Shift-Dir - straight line, f/p - Gorglomux's ghost
Aim: Gorglomux's ghost, wielding a weapon of electrocution (lightly damaged)
The puff of frost hits Gorglomux's ghost.
Gorglomux's ghost appears unharmed.
Gorglomux's ghost is lightly damaged.
Casting: Throw Frost (safe; 8% risk of failure)
Confirm with . or Enter, or press ? or * to list all spells.
Aiming: Throw Frost (safe; 8% risk of failure)
Press: ? - help, Shift-Dir - straight line, f/p - Gorglomux's ghost
Aim: Gorglomux's ghost, wielding a weapon of electrocution (lightly damaged)
The puff of frost hits Gorglomux's ghost.
Gorglomux's ghost appears unharmed.
Gorglomux's ghost is lightly damaged.
Casting: Throw Frost (safe; 8% risk of failure)
Confirm with . or Enter, or press ? or * to list all spells.
Aiming: Throw Frost (safe; 8% risk of failure)
Press: ? - help, Shift-Dir - straight line, f/p - Gorglomux's ghost
Aim: Gorglomux's ghost, wielding a weapon of electrocution (lightly damaged)
The puff of frost hits Gorglomux's ghost.
Gorglomux's ghost is lightly damaged.
Gorglomux's ghost barely misses you. Gorglomux's ghost closely misses you.
You climb upwards.
There is a stone staircase leading down here.
Magic restored.
There is a stone staircase leading down here.
You climb downwards.
Level annotation: Gorglomux's ghost, amateur MiAK
There is a stone staircase leading up here.
There is a stone staircase leading down here.
You climb downwards.
A centaur comes into view.
There is a stone staircase leading up here.
A centaur is nearby!
Casting: Throw Frost (safe; 8% risk of failure)
Confirm with . or Enter, or press ? or * to list all spells.
Aiming: Throw Frost (safe; 8% risk of failure)
Press: ? - help, Shift-Dir - straight line, f - centaur
Aim: a centaur (resting)
The puff of frost hits the centaur.
The centaur is moderately wounded.
The centaur shouts!
The centaur wields a shortbow.
The centaur shoots an arrow.
The arrow barely misses you.
The centaur unwields an uncursed shortbow.
The centaur hits you.
Casting: Throw Frost (safe; 8% risk of failure)
Confirm with . or Enter, or press ? or * to list all spells.
Aiming: Throw Frost (safe; 8% risk of failure)
Press: ? - help, Shift-Dir - straight line, f/p - centaur
Aim: a centaur (moderately wounded)
The puff of frost hits the centaur.
The centaur is moderately wounded.
The centaur barely misses you. The centaur hits you!
Casting: Throw Frost (safe; 8% risk of failure)
Confirm with . or Enter, or press ? or * to list all spells.
Aiming: Throw Frost (safe; 8% risk of failure)
Press: ? - help, Shift-Dir - straight line, f/p - centaur
Aim: a centaur (moderately wounded)
The puff of frost hits the centaur.
The centaur is severely wounded.
The centaur misses you.
Casting: Throw Frost (safe; 8% risk of failure)
Confirm with . or Enter, or press ? or * to list all spells.
Aiming: Throw Frost (safe; 8% risk of failure)
Press: ? - help, Shift-Dir - straight line, f/p - centaur
Aim: a centaur (severely wounded)
The puff of frost hits the centaur.
The centaur is severely wounded.
The centaur closely misses you. The centaur hits you.
* * * LOW HITPOINT WARNING * * *
Casting: Throw Frost (safe; 8% risk of failure)
Confirm with . or Enter, or press ? or * to list all spells.
Aiming: Throw Frost (safe; 8% risk of failure)
Press: ? - help, Shift-Dir - straight line, f/p - centaur
Aim: a centaur (severely wounded)
The puff of frost hits the centaur.
The centaur is almost dead.
The centaur misses you.
Casting: Throw Frost (safe; 8% risk of failure)
Confirm with . or Enter, or press ? or * to list all spells.
You don't have enough magic to cast that spell.
Casting: Throw Frost (safe; 8% risk of failure)
Confirm with . or Enter, or press ? or * to list all spells.
You don't have enough magic to cast that spell.
Casting: Throw Frost (safe; 8% risk of failure)
Confirm with . or Enter, or press ? or * to list all spells.
Aiming: Magic Dart (safe; 13% risk of failure)
Press: ? - help, Shift-Dir - straight line, f/p - centaur
Aim: a centaur (almost dead)
The magic dart hits the centaur.
The centaur is almost dead.
The centaur hits you!
You die...

.. .# .# .##
.. . .###...
#.#####.(..(..
#.$..@<.#
###.c...#
#####.# .# .#
.# .# .#


You could see a centaur.

Vanquished Creatures
  An adder (D:3)
  A worm (D:2)
  A dart slug (D:1)
  3 bats
  5 giant cockroaches
  5 hobgoblins
  A quokka (D:2)
  7 frilled lizards
  5 goblins
  6 kobolds
  5 rats
40 creatures vanquished.

Notes
Turn   | Place    | Note
-------+----------+-------------------------------------------
     0 | D:1      | Mgcat the Gnoll Wanderer began the quest for the Orb.
     0 | D:1      | Mgcat set off with: a +0 mace, a +0 robe, a ration
     0 | D:1      | Reached XP level 1. HP: 13/13 MP: 6/6
     2 | D:1      | Learned a level 1 spell: Magic Dart
   236 | D:1      | Reached XP level 2. HP: 19/19 MP: 4/7
   830 | D:2      | Learned a level 2 spell: Throw Frost
   872 | D:2      | Reached XP level 3. HP: 24/25 MP: 2/9
   909 | D:2      | Reached skill level 5 in Spellcasting
  1351 | D:2      | Found a deep blue altar of Sif Muna.
  1369 | D:2      | Became a worshipper of Sif Muna the Loreminder
  1576 | D:3      | Reached skill level 1 in Invocations
  1809 | D:3      | Reached skill level 1 in Fighting
  1809 | D:3      | Reached skill level 1 in Short Blades
  1809 | D:3      | Reached skill level 1 in Long Blades
  1809 | D:3      | Reached skill level 1 in Axes
  1809 | D:3      | Reached skill level 1 in Polearms
  1809 | D:3      | Reached skill level 1 in Staves
  1809 | D:3      | Reached skill level 1 in Slings
  1809 | D:3      | Reached skill level 1 in Bows
  1809 | D:3      | Reached skill level 1 in Crossbows
  1809 | D:3      | Reached skill level 1 in Throwing
  1809 | D:3      | Reached skill level 1 in Dodging
  1809 | D:3      | Reached skill level 1 in Unarmed Combat
  1809 | D:3      | Reached skill level 1 in Evocations
  1896 | D:3      | Noticed Gorglomux's ghost (amateur MiAK)
  1938 | D:4      | Noticed a centaur
  1945 | D:4      | Slain by a centaur

Vault maps used:
D:1:      dpeg_arrival_boxorama
D:2:      led_sif_pool, kennysheep_generic_room_12
D:3:      kennysheep_crisscross
D:4:      nicolae_overflow_hidden_temple, lemuel_crystal_altar, first_ration

Skill      XL: |  1  2  3 |
---------------+----------+-----
Spellcasting   | 5 |  5.0
Invocations    | 1 |  1.0
Fighting       | 1 |  1.0
Short Blades   | 1 |  1.0
Long Blades    | 1 |  1.0
Axes           | 1 |  1.0
Polearms       | 1 |  1.0
Staves         | 1 |  1.0
Slings         | 1 |  1.0
Bows           | 1 |  1.0
Crossbows      | 1 |  1.0
Throwing       | 1 |  1.0
Dodging        | 1 |  1.0
Unarmed Combat | 1 |  1.0
Evocations     | 1 |  1.0
Maces & Flails | |  4.6
Armour         | |  2.6
Stealth        | |  2.4
Shields        | |  2.6
Conjurations   | |  0.7
Hexes          | |  0.7
Charms         | |  0.7
Summonings     | |  0.7
Necromancy     | |  0.7
Translocations | |  0.7
Transmutations | |  0.7
Fire Magic     | |  0.7
Ice Magic      | |  5.4
Air Magic      | |  0.7
Earth Magic    | |  0.7
Poison Magic   | |  0.7

Action                   || total
-------------------------++-------
Melee: Mace              ||     9
 Cast: Magic Dart        ||    54
       Throw Frost       ||    46
  Eat: Chunk             ||     3
Armor: Robe              ||     7
Dodge: Dodged            ||    18

Table legend:
 A = Spawn XP
 B = Non-spawn XP
 C = Spawn XP percentage of total XP
 D = Spawn monster count
 E = Non-spawn monster count
 F = Spawn count percentage of total count
 G = Total turns spent on level
                    A         B        C        D         E        F      G
               +---------+---------+-------+---------+---------+-------+---------
         Total |       0 |      81 |   0.0 |       0 |      40 |   0.0 |  1945
               +---------+---------+-------+---------+---------+-------+---------
           D:1 |       0 |      28 |   0.0 |       0 |      17 |   0.0 |   826
           D:2 |       0 |      23 |   0.0 |       0 |      12 |   0.0 |   671
           D:3 |       0 |      30 |   0.0 |       0 |      11 |   0.0 |   441
               +---------+---------+-------+---------+---------+-------+---------

Vault maps used:
D:1:      dpeg_arrival_boxorama
D:2:      led_sif_pool, kennysheep_generic_room_12
D:3:      kennysheep_crisscross
D:4:      nicolae_overflow_hidden_temple, lemuel_crystal_altar, first_ration

Table legend:
 A = Turns spent in this place as a percentage of turns spent in the entire game.
 B = Non-inter-level travel turns spent in this place as a percentage of non-inter-level travel turns spent in the entire game.
 C = Inter-level travel turns spent in this place as a percentage of turns spent in this place.
 D = Turns resting spent in this place as a percentage of non-inter-level travel turns spent in this place.
 E = Turns spent auto-exploring this place as a percentage of non-inter-level travel turns spent in this place.
 F = Non-inter-level travel turns spent in this place divided by the number of levels of this place that you've seen.
                   A       B       C       D       E      F
               +-------+-------+-------+-------+-------+----------------------
         Total | 100.0 | 100.0 |   6.7 |   0.0 |  86.3 | 453.8
       Dungeon | 100.0 | 100.0 |   6.7 |   0.0 |  86.3 | 453.8
               +-------+-------+-------+-------+-------+----------------------

Table legend:
 A = Kills in this place as a percentage of kills in entire the game.
 B = Kills by you in this place as a percentage of kills by you in the entire game.
 C = Kills by friends in this place as a percentage of kills by friends in the entire game.
 D = Other kills in this place as a percentage of other kills in the entire game.
 E = Experience gained in this place as a percentage of experience gained in the entire game.
 F = Experience gained in this place divided by the number of levels of this place that you have seen.
                   A       B       C       D       E      F
               +-------+-------+-------+-------+-------+----------------------
         Total | 100.0 | 100.0 |   N/A |   N/A | 100.0 |  20.2
       Dungeon | 100.0 | 100.0 |   N/A |   N/A | 100.0 |  20.2
               +-------+-------+-------+-------+-------+----------------------
